[ AOE2 MATCH · #506744778 ]
UnrankedChinese vs Khmer
Player's team · LOSS
Rival team · WIN
[ REPLAY ANALYSIS · EXTRACTED FROM THE RECORDED GAME ]
Feudal
8:32
Castle
—
Imperial
—
| APM avg | 65.9 |
| APM peak | 91 |
| eAPM avg | 31.4 |
| Villagers / military | 52 / 9 |
Focus
⚔️ 48.7% · 🌾 51.3%
Scout Cavalry ×9
Feudal
9:23
Castle
—
Imperial
—
| APM avg | 68.5 |
| APM peak | 106 |
| eAPM avg | 22.8 |
| Villagers / military | 30 / 25 |
Focus
⚔️ 44.7% · 🌾 55.3%
Archer ×19 · Skirmisher ×6
Match map
Initial resources + every placement click. Lines = walls · curves = elevation contours. ◆ gold · ⬟ stone · ● berries · ✦ relic · ◌ wall gap
Your base· Open — unwalled flank
NHN Forever's base· Open — unwalled flank
Smoothed initial terrain · ◌ = detected wall gap · hover for details
Inputs per minute
— Kalamalahala - - NHN Forever
Build order — Kalamalahala
120 actions detected in the replay
| 0:05 | Research | Loom |
| 0:41 | Queue | Villager (Male) |
| 1:12 | Queue | Villager (Male) |
| 1:41 | Queue | Villager (Male) |
| 1:42 | Queue | Villager (Male) |
| 2:02 | Queue | Villager (Male) |
| 2:02 | Queue | Villager (Male) |
| 2:29 | Queue | Villager (Male) |
| 2:29 | Queue | Villager (Male) |
| 2:30 | Build | Lumber Camp |
| 3:00 | Queue | Villager (Male) |
| 3:01 | Queue | Villager (Male) |
| 3:14 | Queue | Villager (Male) |
| 3:14 | Queue | Villager (Male) |
| 3:58 | Queue | Villager (Male) |
| 4:10 | Queue | Villager (Male) |
| 4:10 | Queue | Villager (Male) |
| 4:19 | Build | House |
| 4:30 | Queue | Villager (Male) |
| 4:30 | Queue | Villager (Male) |
| 4:41 | Queue | Villager (Male) |
| 4:56 | Queue | Villager (Male) |
| 4:57 | Queue | Villager (Male) |
| 5:25 | Queue | Villager (Male) |
| 5:44 | Build | Mill |
| 6:21 | Research | Feudal Age |
| 7:04 | Queue | Villager (Male) |
| 7:06 | Build | Palisade Wall |
| 7:07 | Build | Palisade Wall |
| 7:09 | Queue | Villager (Male) |
| 7:46 | Build | Barracks |
| 8:22 | Build | House |
| 8:32 | Age | Feudal Age |
| 8:35 | Research | Double-Bit Axe |
| 8:57 | Build | Stable |
| 9:20 | Queue | Villager (Male) |
| 9:30 | Queue | Villager (Male) |
| 9:43 | Queue | Villager (Male) |
| 9:46 | Research | Double-Bit Axe |
| 9:47 | Queue | Villager (Male) |
| 9:51 | Queue | Scout Cavalry |
| 9:58 | Queue | Villager (Male) |
| 9:59 | Research | Horse Collar |
| 10:00 | Queue | Scout Cavalry |
| 10:04 | Build | Farm |
| 10:21 | Build | Farm |
| 10:25 | Build | House |
| 10:29 | Research | Horse Collar |
| 10:31 | Queue | Scout Cavalry |
| 10:37 | Research | Town Watch |
| 10:50 | Queue | Villager (Male) |
| 10:52 | Build | Farm |
| 11:01 | Queue | Villager (Male) |
| 11:05 | Build | Farm |
| 11:14 | Queue | Villager (Male) |
| 11:21 | Queue | Scout Cavalry |
| 11:39 | Queue | Villager (Male) |
| 11:42 | Build | House |
| 11:45 | Build | Palisade Wall |
| 11:46 | Build | Palisade Wall |
| 11:52 | Build | Farm |
| 11:53 | Build | Farm |
| 11:55 | Build | House |
| 12:19 | Queue | Scout Cavalry |
| 12:24 | Queue | Villager (Male) |
| 12:36 | Build | Farm |
| 12:38 | Build | Farm |
| 12:39 | Build | Lumber Camp |
| 12:45 | Build | House |
| 12:55 | Queue | Villager (Male) |
| 13:10 | Build | Farm |
| 13:17 | Queue | Villager (Male) |
| 13:22 | Queue | Scout Cavalry |
| 13:26 | Build | House |
| 13:28 | Build | House |
| 13:30 | Build | Palisade Wall |
| 13:32 | Queue | Villager (Male) |
| 13:33 | Queue | Villager (Male) |
| 13:34 | Build | Farm |
| 13:35 | Build | Farm |
| 14:00 | Build | House |
| 14:03 | Queue | Villager (Male) |
| 14:03 | Queue | Villager (Male) |
| 14:09 | Build | Farm |
| 14:15 | Build | House |
| 14:20 | Build | Farm |
| 14:27 | Build | Farm |
| 14:27 | Queue | Villager (Male) |
| 14:27 | Queue | Villager (Male) |
| 14:34 | Queue | Villager (Male) |
| 14:53 | Build | Blacksmith |
| 15:03 | Queue | Villager (Male) |
| 15:15 | Queue | Scout Cavalry |
| 15:34 | Build | House |
| 15:41 | Build | House |
| 15:42 | Build | House |
| 15:53 | Queue | Scout Cavalry |
| 15:57 | Build | Farm |
| 16:02 | Build | House |
| 16:03 | Build | House |
| 16:05 | Queue | Scout Cavalry |
| 16:06 | Queue | Villager (Male) |
| 16:12 | Build | House |
| 16:16 | Build | Gate |
| 16:20 | Build | Watch Tower |
| 16:22 | Queue | Villager (Male) |
| 16:23 | Queue | Villager (Male) |
| 16:42 | Queue | Villager (Male) |
| 16:52 | Build | House |
| 17:09 | Build | Watch Tower |
| 17:20 | Queue | Villager (Male) |
| 17:35 | Queue | Villager (Male) |
| 18:00 | Queue | Villager (Male) |
| 18:02 | Build | Farm |
| 18:05 | Build | Farm |
| 18:06 | Build | Farm |
| 18:06 | Build | Farm |
| 18:07 | Build | Farm |
| 18:20 | Queue | Villager (Male) |
| 18:33 | Queue | Villager (Male) |
Build order — NHN Forever
87 actions detected in the replay
| 0:00 | Queue | Villager (Male) |
| 0:01 | Queue | Villager (Male) |
| 0:01 | Queue | Villager (Male) |
| 0:04 | Build | House |
| 0:05 | Build | House |
| 0:17 | Queue | Villager (Male) |
| 1:26 | Queue | Villager (Male) |
| 1:56 | Build | Lumber Camp |
| 2:01 | Queue | Villager (Male) |
| 2:17 | Queue | Villager (Male) |
| 2:48 | Queue | Villager (Male) |
| 3:09 | Queue | Villager (Male) |
| 3:45 | Queue | Villager (Male) |
| 3:54 | Build | House |
| 4:02 | Queue | Villager (Male) |
| 4:27 | Queue | Villager (Male) |
| 4:27 | Queue | Villager (Male) |
| 4:44 | Build | Mill |
| 4:51 | Queue | Villager (Male) |
| 5:34 | Queue | Villager (Male) |
| 6:19 | Queue | Villager (Male) |
| 6:21 | Research | Loom |
| 6:38 | Build | Palisade Wall |
| 7:08 | Research | Feudal Age |
| 7:26 | Build | Mining Camp |
| 7:28 | Build | House |
| 7:41 | Queue | Villager (Male) |
| 7:48 | Build | Palisade Wall |
| 9:05 | Build | Palisade Wall |
| 9:23 | Age | Feudal Age |
| 9:27 | Build | Archery Range |
| 9:29 | Build | Archery Range |
| 9:29 | Queue | Villager (Male) |
| 9:32 | Build | Blacksmith |
| 10:00 | Build | Watch Tower |
| 10:03 | Queue | Villager (Male) |
| 10:04 | Queue | Villager (Male) |
| 10:07 | Queue | Archer |
| 10:08 | Queue | Archer |
| 10:16 | Build | House |
| 10:20 | Queue | Archer |
| 10:21 | Queue | Archer |
| 10:22 | Queue | Villager (Male) |
| 10:41 | Build | House |
| 10:54 | Build | Palisade Wall |
| 11:06 | Queue | Archer |
| 11:38 | Queue | Archer |
| 11:45 | Research | Fletching |
| 11:46 | Queue | Villager (Male) |
| 11:48 | Build | Farm |
| 11:53 | Queue | Archer |
| 12:33 | Queue | Archer |
| 12:47 | Queue | Villager (Male) |
| 12:51 | Queue | Archer |
| 12:57 | Queue | Archer |
| 13:15 | Queue | Skirmisher |
| 13:16 | Queue | Skirmisher |
| 13:16 | Queue | Skirmisher |
| 13:24 | Queue | Villager (Male) |
| 13:26 | Build | Farm |
| 13:31 | Queue | Archer |
| 13:31 | Queue | Archer |
| 14:01 | Queue | Skirmisher |
| 14:02 | Queue | Skirmisher |
| 14:02 | Queue | Skirmisher |
| 14:24 | Queue | Archer |
| 14:25 | Queue | Villager (Male) |
| 14:28 | Build | House |
| 14:29 | Build | House |
| 14:49 | Research | Wheelbarrow |
| 14:56 | Build | House |
| 16:42 | Queue | Archer |
| 16:42 | Queue | Archer |
| 16:44 | Queue | Villager (Male) |
| 16:46 | Build | Farm |
| 16:52 | Queue | Villager (Male) |
| 17:07 | Queue | Archer |
| 17:07 | Queue | Archer |
| 17:32 | Queue | Villager (Male) |
| 17:33 | Build | Farm |
| 17:34 | Build | Farm |
| 18:01 | Queue | Villager (Male) |
| 18:12 | Queue | Archer |
| 18:12 | Queue | Archer |
| 18:25 | Build | Farm |
| 18:27 | Build | Farm |
| 18:28 | Queue | Villager (Male) |
Match timeline
| 6:38 | NHN Forever · wall_segment Palisade Wall x1 |
| 7:06 | Kalamalahala · wall_segment Palisade Wall x1 |
| 7:07 | Kalamalahala · wall_segment Palisade Wall x1 |
| 7:46 | Kalamalahala · first_building Barracks |
| 7:48 | NHN Forever · wall_segment Palisade Wall x1 |
| 8:32 | Kalamalahala · age_up feudal |
| 8:57 | Kalamalahala · first_building Stable |
| 9:05 | NHN Forever · wall_segment Palisade Wall x1 |
| 9:23 | NHN Forever · age_up feudal |
| 9:27 | NHN Forever · first_building Archery Range |
| 10:54 | NHN Forever · wall_segment Palisade Wall x1 |
| 11:45 | Kalamalahala · wall_segment Palisade Wall x3 |
| 11:46 | Kalamalahala · wall_segment Palisade Wall x1 |
| 13:30 | Kalamalahala · wall_segment Palisade Wall x6 |
| 18:48 | Kalamalahala · resign |
[ AI ANALYSIS · 1 CREDIT ]
What really happened in this match?
Wolo.gg analyzes every decision: build order, eco, micro, common mistakes by bracket. Personalized analysis on WhatsApp or Discord in 30 seconds.
Civ guide
Chinese
Perfil
Jugador #2317352